 Dungeon Crawl Stone Soup version 0.21-a0-516-gaaff437 (webtiles) character file.

18047 KristoblXynda the Nimble (level 12, -9/104 HPs)
             Began as a Black Draconian Gladiator on Dec 3, 2017.
             Was a Priest of Ashenzari.
             Mangled by a centaur warrior (12 damage)
             ... on level 13 of the Dungeon.
             The game lasted 00:29:56 (13783 turns).

KristoblXynda the Nimble (DrGl)                    Turns: 13783, Time: 00:29:57

Health: -9/104     AC:  9    Str: 19    XL:     12   Next: 24%
Magic:  0/16       EV: 17    Int: 12    God:    Ashenzari [***...]
Gold:   443        SH:  6    Dex: 12    Spells: 14/17 levels left

rFire    . . .     SeeInvis +   p - +5 war axe (flame) (curse)
rCold    . . .     Gourm    .   E - +1 buckler (curse)
rNeg     + . .     Faith    .   (armour unavailable)
rPois    .         Spirit   +   b - +1 hat
rElec    +         Reflect  .   j - scarf {Spirit} (curse)
rCorr    .         Harm     .   (no gloves)
MR       .....                  (no boots)
Stlth    ++++......             u - amulet of magic regeneration
HPRegen  0.27/turn              n - ring of positive energy (curse)
MPRegen  0.40/turn              a - ring of wizardry

@: no status effects
A: breathe lightning, unfitting armour, electricity resistance, cold-blooded, AC
+8
a: Breathe Lightning, Curse Item, Scrying, Renounce Religion


You were on level 13 of the Dungeon.
You worshipped Ashenzari.
Ashenzari was most pleased with you.
You were full.

You visited 2 branches of the dungeon, and saw 14 of its levels.

You collected 567 gold pieces.
You spent 124 gold pieces at shops.

Inventory:

Hand Weapons
 p - a cursed +5 war axe of flaming (weapon)
Missiles
 c - 4 throwing nets (quivered)
Armour
 b - a +1 hat (worn)
 j - a cursed scarf of spirit shield (worn)
 x - a scarf of cloud immunity
 E - a cursed +1 buckler (worn)
Jewellery
 a - a ring of wizardry (right hand)
 n - a cursed ring of positive energy (left hand)
 u - an amulet of magic regeneration (around neck)
 F - an uncursed ring of wizardry
Wands
 r - a wand of digging (17)
 A - a wand of acid (1)
 G - a wand of scattershot (6)
Scrolls
 g - 2 scrolls of fog
 i - a scroll of amnesia
 k - 2 scrolls of teleportation
 l - 4 scrolls of identify
 q - a scroll of immolation
 y - a scroll of remove curse
 z - a scroll of enchant armour
 B - 2 scrolls of magic mapping
Potions
 e - a potion of haste
 f - 2 potions of brilliance
 m - a potion of curing
 t - 2 potions of resistance
 w - 2 potions of agility
 C - a potion of lignification
 I - a potion of magic
Books
 o - a book of Misfortune

   Spells                             Type                      Level
   a - Confusing Touch                Hexes                        1
   b - Confuse                        Hexes                        3
   c - Gell's Gravitas                Translocation                3
   d - Petrify                        Transmutation/Earth          4
   e - Metabolic Englaciation         Hexes/Ice                    5
   f - Yara's Violent Unravelling     Hexes/Transmutation          5
Miscellaneous
 h - a lamp of fire
 D - a fan of gales
Comestibles
 d - 9 bread rations
 s - 5 meat rations
 v - 4 royal jellies


   Skills:
 - Level 9.0 Fighting
 + Level 9.1(11.9) Axes
 - Level 3.2 Throwing
 - Level 9.3 Dodging
 - Level 9.0 Stealth
 - Level 3.3(5.0) Shields
 + Level 3.1 Spellcasting
 + Level 5.2 Hexes
 + Level 6.0 Evocations


You had 14 spell levels left.
You knew the following spells:

 Your Spells              Type           Power        Failure   Level  Hunger
a - Confuse               Hex            ##......     3%          3    ###....


Dungeon Overview and Level Annotations

Branches:
Dungeon (13/15)            Temple (1/1) D:5            Lair (0/6) D:8
    Orc (0/2) D:11
 Vaults: D:13-14

Altars:
Ashenzari
Cheibriados
Dithmenos
Elyvilon
Fedhas
Gozag
Hepliaklqana
Kikubaaqudgha
Makhleb
Nemelex Xobeh
Okawaru
Qazlal
Ru
Sif Muna
Trog
Uskayaw
Vehumet
Wu Jian
Xom
Yredelemnul
Zin
The Shining One

Shops:
D:6 *   D:9 *

Annotations:
D:12 darxusza's ghost, journeyman MiBe


Innate Abilities, Weirdness & Mutations

You can breathe wild blasts of lightning.
Your glossy black scales are hard. (AC +8)
You cannot fit into any form of body armour.
You are resistant to electric shocks. (rElec)
You are cold-blooded and may be slowed by cold attacks.


Message History

The harpy zombie claws you but does no damage.
The centaur warrior hits you.
* * * LOW HITPOINT WARNING * * *
The harpy zombie barely misses you. The harpy zombie claws you!
* * * LOW HITPOINT WARNING * * *
Okay, then.
Okay, then.
You feel better. The harpy zombie misses you.
The harpy zombie completely misses you. You block the centaur warrior's attack.
The harpy zombie claws you.
* * * LOW HITPOINT WARNING * * *
The harpy zombie barely misses you.
The centaur warrior completely misses you.
You feel better. The harpy zombie claws you.
* * * LOW HITPOINT WARNING * * *
The harpy zombie claws you but does no damage.
The harpy zombie claws you!
* * * LOW HITPOINT WARNING * * *
The harpy zombie closely misses you. The centaur warrior hits you!
You die...

, ###......#+##* ,
, , ............#*
,, , ............#
............# *,
,, , ,
.......<....# * ,
............#,, ,
,.........(./# ,*
, ,
........Z.).#####
*
*####+###c@)......
, , ,#))....... ,,
* ,, #......... ,
* ,, #......... *
,, #.....$... ,
**,#......... * *
* * ###+###+## , ,
, , , * ,


You could see a centaur warrior and a harpy zombie.

Vanquished Creatures
  5 two-headed ogres
  Nergalle (D:10)
  3 unseen horrors
  A deep elf mage (D:12)
  An ugly thing (D:12)
  A centaur zombie (D:10)
  3 gargoyles (D:12)
  2 kobold demonologists (D:12)
  2 komodo dragons
  A troll (D:10)
  A hippogriff (D:6)
  A wyvern (D:12)
  14 yaks
  A wraith (D:12)
  Grum (D:8)
  4 hungry ghosts
  Menkaure (D:7)
  A water moccasin (D:9)
  A swamp drake (D:11)
  7 orc warriors
  2 phantoms
  6 ogres
  2 ice beasts
  A black bear (D:8)
  2 wolves
  A necrophage (D:11)
  6 centaurs
  A crocodile (D:9)
  4 big kobolds
  8 bullfrogs
  2 gnoll sergeants
  3 scorpions
  A wyvern skeleton (D:12)
  10 wights
  4 howler monkeys
  2 crimson imps
  2 bullfrog zombies
  A quasit (D:12)
  9 orc priests
  A centaur skeleton (D:7)
  9 hounds
  3 jellies
  3 bullfrog skeletons
  2 iguanas
  13 orc wizards
  8 worker ants
  A hound zombie (D:7)
  2 hound skeletons
  Robin (D:4)
  22 gnolls
  16 adders
  5 shadow imps
  3 worms
  3 dart slugs
  5 leopard geckos
  54 orcs
  2 giant cockroaches
  12 goblins
  10 hobgoblins
  3 jackals (D:7)
  5 quokkas
  3 bats
  5 frilled lizards
  A giant cockroach zombie (D:5)
  A jackal skeleton (D:8)
  23 kobolds
  2 quokka skeletons (D:4)
  5 rats
342 creatures vanquished.

Vanquished Creatures (others)
  2 orc wizards (D:5)
  8 plants (D:8)
10 creatures vanquished.

Grand Total: 352 creatures vanquished

Notes
Turn   | Place    | Note
-------+----------+-------------------------------------------
     0 | D:1      | KristoblXynda the Draconian Gladiator began the quest for the Orb.
     0 | D:1      | Reached XP level 1. HP: 17/17 MP: 1/1
    63 | D:1      | You fall through a shaft!
    64 | D:2      | Found a radiant altar of Vehumet.
   110 | D:2      | Reached XP level 2. HP: 15/24 MP: 2/2
   857 | D:2      | Reached XP level 3. HP: 29/29 MP: 3/3
  1076 | D:2      | Found a glowing silver altar of Zin.
  1182 | D:3      | Found a shattered altar of Ashenzari.
  1201 | D:3      | Became a worshipper of Ashenzari the Shackled
  1391 | D:3      | Reached XP level 4. HP: 32/36 MP: 4/4
  2005 | D:4      | Reached XP level 5. HP: 29/41 MP: 5/5
  2195 | D:4      | Noticed Robin
  2222 | D:4      | Killed Robin
  2878 | D:4      | Found a white marble altar of Elyvilon.
  3154 | D:4      | Reached XP level 6. HP: 42/48 MP: 6/6
  3229 | D:4      | Reached skill level 5 in Axes
  3421 | D:5      | Entered Level 5 of the Dungeon
  3421 | D:5      | Reached * piety under Ashenzari
  3439 | D:5      | Reached skill level 1 in Evocations
  3675 | D:5      | Noticed a two-headed ogre
  3834 | D:5      | Killed a two-headed ogre
  3834 | D:5      | Reached skill level 5 in Dodging
  3834 | D:5      | Your scales start taking on a glossy black colour.
  3834 | D:5      | Reached XP level 7. HP: 22/55 MP: 3/9
  3834 | D:5      | Gained mutation: You are resistant to electric shocks. (rElec) [Black Draconian growth]
  3834 | D:5      | Reached XP level 8. HP: 25/61 MP: 3/10
  4505 | D:5      | Found a staircase to the Ecumenical Temple.
  5225 | D:6      | Reached skill level 5 in Evocations
  5269 | D:6      | Found Rosivywk's Elemental Accessories.
  5386 | Temple   | Entered the Ecumenical Temple
  5832 | D:6      | Reached XP level 9. HP: 43/71 MP: 13/13
  6259 | D:7      | Noticed Menkaure
  6268 | D:7      | Killed Menkaure
  6668 | D:7      | Reached skill level 1 in Stealth
  6672 | D:7      | Reached skill level 5 in Fighting
  7425 | D:8      | Noticed Grum
  7433 | D:8      | Noticed a two-headed ogre
  7699 | D:8      | Reached ** piety under Ashenzari
  8120 | D:8      | Killed Grum
  8250 | D:8      | Noticed a two-headed ogre
  8290 | D:8      | Killed a two-headed ogre
  8290 | D:8      | Reached XP level 10. HP: 84/84 MP: 14/14
  8334 | D:8      | Killed a two-headed ogre
  8334 | D:8      | Reached skill level 5 in Stealth
  8414 | D:8      | Found a staircase to the Lair.
  8864 | D:9      | Found a shimmering altar of Xom.
  9001 | D:9      | Found Koug's Assorted Antiques.
  9020 | D:9      | Bought a lead wand for 124 gold pieces
  9534 | D:10     | Entered Level 10 of the Dungeon
  9681 | D:10     | Learned a level 3 spell: Confuse
  9698 | D:10     | Reached XP level 11. HP: 59/95 MP: 9/15
 10465 | D:10     | Killed an unseen horror
 10465 | D:10     | Reached skill level 1 in Hexes
 10764 | D:10     | Reached *** piety under Ashenzari
 10770 | D:10     | Noticed Nergalle
 10793 | D:10     | Killed Nergalle
 11179 | D:11     | Found a staircase to the Orcish Mines.
 11520 | D:11     | Noticed an unseen horror
 11541 | D:11     | Killed an unseen horror
 12139 | D:12     | Noticed a two-headed ogre
 12141 | D:12     | Noticed an unseen horror
 12239 | D:12     | Noticed a two-headed ogre
 12254 | D:12     | Killed a two-headed ogre
 12622 | D:12     | Reached skill level 1 in Shields
 12630 | D:12     | Reached skill level 1 in Spellcasting
 12853 | D:12     | Noticed a green ugly thing
 12859 | D:12     | Killed a green ugly thing
 12967 | D:12     | Reached XP level 12. HP: 98/104 MP: 16/16
 13138 | D:12     | Killed a two-headed ogre
 13479 | D:12     | Reached skill level 5 in Hexes
 13761 | D:12     | Noticed darxusza's ghost (journeyman MiBe)
 13766 | D:13     | Noticed a centaur warrior
 13781 | D:13     | HP: 5/104 [harpy zombie (6)]
 13783 | D:13     | Mangled by a centaur warrior

Vault maps used:
D:1:      saegor_arrival_simple_f, st_stairs_6, dk_noncrumbling_2
D:2:      zin_scriptorium, vehumet_crystals
D:3:      cheibrodos_ashenzari_chains
D:4:      kennysheep_mini_moat, uniq_robin
D:5:      minmay_temple_entry_large_hall, first_bread
D:6:      nicolae_elemental_shop
D:7:      grunt_ogre_cave, kennysheep_generic_room_15, uniq_menkaure
D:8:      david_lair_shrubbed, uniq_grum
D:9:      basic_altar, serial_shops, shop_statue
D:10:     uniq_nergalle
D:11:     erik_orc_1
D:13:     erik_vaults_2
Temple:   dpeg_five_rooms_temple

Skill      XL: |  1  2  3  4  5  6  7  8  9 10 11 12 |
---------------+-------------------------------------+-----
Throwing       | 2 3 |  3.2
Dodging        | 3 4 5 6 8 9 |  9.3
Axes           | 4 6 7 9 |  9.1
Evocations     | 3 5 6 |  6.0
Fighting       | 3 6 8 9 |  9.0
Stealth        | 4 6 8 9 |  9.0
Hexes          | 4 5 |  5.2
Shields        | 2 3 |  3.3
Spellcasting   | 2 3 |  3.1

Action                   |  1- 3 |  4- 6 |  7- 9 | 10-12 || total
-------------------------+-------+-------+-------+-------++-------
Melee: War axe           |    86 |   163 |   338 |   477 ||  1064
       Tailslap          |     9 |    23 |    49 |    61 ||   142
Throw: Throwing net      |     1 |     3 |     1 |       ||     5
Invok: Curse Item        |       |     1 |     2 |     1 ||     4
 Abil: Breathe Lightning |       |       |     8 |     2 ||    10
Evoke: Wand              |       |     7 |    10 |    12 ||    29
  Use: Scroll            |       |     4 |     9 |     9 ||    22
       Potion            |       |     3 |     1 |     4 ||     8
 Stab: Held in net/web   |     1 |       |     1 |       ||     2
       Distracted        |       |     1 |       |       ||     1
       Sleeping          |       |       |       |    12 ||    12
  Eat: Chunk             |     2 |     4 |    18 |    17 ||    41
       Meat ration       |       |     1 |       |     1 ||     2
       Royal jelly       |       |       |       |     1 ||     1
Armor: Skin              |    30 |    46 |   103 |   115 ||   294
Dodge: Dodged            |    74 |   152 |   284 |   392 ||   902
Block: Buckler           |       |       |       |    45 ||    45

Table legend:
 A = Spawn XP
 B = Non-spawn XP
 C = Spawn XP percentage of total XP
 D = Spawn monster count
 E = Non-spawn monster count
 F = Spawn count percentage of total count
 G = Total turns spent on level
                    A         B        C        D         E        F      G
               +---------+---------+-------+---------+---------+-------+---------
         Total |       0 |   25782 |   0.0 |       0 |     344 |   0.0 | 13783
               +---------+---------+-------+---------+---------+-------+---------
           D:1 |       0 |       4 |   0.0 |       0 |       3 |   0.0 |    63
           D:2 |       0 |      47 |   0.0 |       0 |      17 |   0.0 |  1073
           D:3 |       0 |     114 |   0.0 |       0 |      22 |   0.0 |   844
           D:4 |       0 |     335 |   0.0 |       0 |      31 |   0.0 |  1450
           D:5 |       0 |    1804 |   0.0 |       0 |      27 |   0.0 |  1652
           D:6 |       0 |     821 |   0.0 |       0 |      26 |   0.0 |  1233
           D:7 |       0 |    1586 |   0.0 |       0 |      38 |   0.0 |  1369
           D:8 |       0 |    3262 |   0.0 |       0 |      28 |   0.0 |   745
           D:9 |       0 |    1518 |   0.0 |       0 |      18 |   0.0 |   867
          D:10 |       0 |    5252 |   0.0 |       0 |      46 |   0.0 |  1642
          D:11 |       0 |    2362 |   0.0 |       0 |      46 |   0.0 |   933
          D:12 |       0 |    8112 |   0.0 |       0 |      37 |   0.0 |  1657
          D:13 |       0 |     565 |   0.0 |       0 |       5 |   0.0 |    17
               +---------+---------+-------+---------+---------+-------+---------
